 Dungeon Crawl Stone Soup version 0.31-a0-200-gbc41564c69 (webtiles) character file.

Game seed: 6980631499567806509

46 qw the Shooter (level 3, -2/20 HPs)
             Began as a Deep Elf Hunter on June 25, 2023.
             Killed by nerve-wracking pain
             ... invoked by Grinder
              (14 damage)
             ... on level 3 of the Dungeon.
             The game lasted 00:00:29 (1169 turns).

qw the Shooter (Deep Elf Hunter)                    Turns: 1169, Time: 00:00:30

Health: -2/20      AC:  6    Str: 10    XL:     3   Next: 44%
Magic:  5/5        EV: 12    Int: 13    God:
Gold:   58         SH:  0    Dex: 18    Spells: 2/2 levels left

rFire   . . .        Y - +0 shortbow
rCold   . . .        (shield currently unavailable)
rNeg    . . .        g - +3 leather armour
rPois   +            (no helmet)
rElec   .            (no cloak)
rCorr   .            (no gloves)
SInv    +            (no boots)
Will    .....        h - amulet of regeneration
Stlth   ++           l - ring of see invisible
HPRegen 1.03/turn    b - ring of poison resistance
MPRegen 0.09/turn

%: no passive effects
@: no status effects
A: no striking features
a: no special abilities


You were on level 3 of the Dungeon.
You visited 1 branch of the dungeon, and saw 3 of its levels.

You collected 58 gold pieces.


   Skills:
 - Level 1.5 Fighting
 + Level 7.0 Ranged Weapons
 - Level 2.4 Dodging
 - Level 1.2 Stealth


You had 2 spell levels left.
You didn't know any spells.
Your spell library was empty.

Inventory:

Hand Weapons
 Y - a +0 shortbow (weapon)
Armour
 g - a +3 leather armour (worn)
Jewellery
 b - a ring of poison resistance (right hand)
 h - an amulet of regeneration (around neck)
 l - a ring of see invisible (left hand)
Scrolls
 c - a scroll of identify
Potions
 a - a potion of brilliance {unknown}
 d - a potion of mutation {unknown}
 e - a potion of enlightenment {unknown}
 k - a potion of attraction {unknown}
 m - a potion of curing

Dungeon Overview and Level Annotations

Branches:
Dungeon (3/15)

Altars:

Shops:
D:1 :

Annotations:
D:3 Grinder


Message History

You kill the ball python!
Grinder comes into view.
Grinder shouts!
You see here a ball python corpse.
You shoot an arrow. The arrow barely misses Grinder.
You shoot an arrow. The arrow closely misses Grinder.
You shoot an arrow. The arrow hits Grinder!
Grinder is moderately wounded.
You shoot an arrow.
The arrow hits Grinder but does no damage.
Grinder is moderately wounded.
Grinder gestures at you.
You barely resist. You shoot an arrow.
The arrow hits Grinder but does no damage.
Grinder is moderately wounded.
You shoot an arrow.
The arrow hits Grinder but does no damage.
Grinder is moderately wounded.
Grinder blinks!
You shoot an arrow.
The arrow hits Grinder but does no damage.
Grinder is moderately wounded.
You shoot an arrow. The arrow hits Grinder.
Grinder is moderately wounded.
You shoot an arrow.
The arrow hits Grinder but does no damage.
Grinder is moderately wounded.
You shoot an arrow.
The arrow hits Grinder but does no damage.
Grinder is moderately wounded.
Grinder hits you.
You shoot an arrow. The arrow barely misses Grinder.
Grinder hits you!
You shoot an arrow. The arrow hits Grinder.
Grinder is heavily wounded.
Grinder gestures at you. Pain shoots through your body!
Ouch! That really hurt!
You die...

#.# #.# #.#
#.# #.# #.#
#.#
...######.#
......5@..#
##.########


You could see Grinder.

Vanquished Creatures
  An adder (D:2)
  A worm (D:2)
  A dart slug (D:1)
  6 ball pythons
  2 endoplasms (D:2)
  A giant cockroach (D:1)
  3 goblins
  4 hobgoblins
  2 jackals (D:1)
  A quokka (D:1)
  2 bats
  A frilled lizard (D:1)
  3 rats
28 creatures vanquished.

Notes
Turn   | Place    | Note
-------+----------+-------------------------------------------
     0 | D:1      | qw the Deep Elf Hunter began the quest for the Orb.
     0 | D:1      | Reached XP level 1. HP: 12/12 MP: 3/3
     0 | D:1      | 0 ||| qw: Version: 0.3-a-22-g0ed2b0b
     0 | D:1      | 0 ||| qw: Game counter: 5609
     0 | D:1      | 0 ||| qw: Melee chars always use a shield: true
     0 | D:1      | 0 ||| qw: God list: Okawaru
     0 | D:1      | 0 ||| qw: Allow faded altars: false
     0 | D:1      | 0 ||| qw: Do Orc after clearing Dungeon:15 true
     0 | D:1      | 0 ||| qw: Do second Lair branch before Depths: true
     0 | D:1      | 0 ||| qw: Lair rune preference: random
     0 | D:1      | 0 ||| qw: Goals: Normal
     0 | D:1      | 0 ||| PLANNING D:1-11
   149 | D:1      | Reached XP level 2. HP: 16/16 MP: 4/4
   239 | D:1      | Reached skill level 6 in Ranged Weapons
   348 | D:1      | Found Loamaoc's Book Shop.
   506 | D:1      | 506 ||| UPGRADING to +3 leather armour.
   516 | D:1      | 516 ||| DROPPING +0 leather armour.
   517 | D:1      | 517 ||| UPGRADING to amulet of regeneration.
   522 | D:1      | 522 ||| UPGRADING to ring of see invisible.
   523 | D:1      | 523 ||| READING scroll labelled IVULIO POLEZ.
   524 | D:1      | 524 ||| READING scroll labelled EFAODA AFYIKHLI.
   525 | D:1      | 525 ||| READING scroll labelled ORROELOFAV.
   528 | D:1      | 528 ||| READING scroll labelled ACAODU YSEAQI.
   529 | D:1      | 529 ||| DROPPING scroll of butterflies.
   566 | D:2      | 566 ||| Stepping ~*~*~tactically~*~*~ (water).
   575 | D:2      | 575 ||| Stepping ~*~*~tactically~*~*~ (water).
   586 | D:2      | 586 ||| Stepping ~*~*~tactically~*~*~ (water).
   588 | D:2      | 588 ||| Stepping ~*~*~tactically~*~*~ (water).
   590 | D:2      | 590 ||| Stepping ~*~*~tactically~*~*~ (water).
   596 | D:2      | 596 ||| Stepping ~*~*~tactically~*~*~ (water).
   722 | D:2      | Reached XP level 3. HP: 18/20 MP: 5/5
   935 | D:2      | Reached skill level 7 in Ranged Weapons
  1101 | D:2      | 1101 ||| UPGRADING to ring of poison resistance.
  1102 | D:2      | 1102 ||| DRINKING 2 white potions.
  1157 | D:3      | Noticed Grinder
  1169 | D:3      | Killed from afar by Grinder

Levels and vault maps discovered:
D:1:      lightli_arrival_flooded_house, layout_rooms, serial_shops, shop,
          minmay_misc_feat_pillars, minmay_shallow_snake_nest
D:2:      layout_basic, chequers_big_river
D:3:      layout_loops_ring, kennysheep_generic_room_15, uniq_grinder

Skill      XL: |  1  2  3 |
---------------+----------+-----
Ranged Weapons | 6 7 |  7.0
Fighting       | |  1.5
Dodging        | |  2.4
Stealth        | |  1.2

Action                     || total
---------------------------++-------
   Fire: Shortbow          ||    93
    Use: Scroll            ||     4
         Potion            ||     1
 Armour: Leather armour    ||     9
  Dodge: Dodged            ||    19

Table legend:
 A = Non-vault XP
 B = Vault XP
 C = Vault XP percentage of total XP
 D = Non-vault monster count
 E = Vault monster count
 F = Vault count percentage of total count
                 A         B        C        D         E       F
            +---------+---------+-------+---------+---------+-------
      Total |      63 |       3 |   4.5 |      26 |       2 |   7.1
            +---------+---------+-------+---------+---------+-------
        D:1 |      26 |       3 |  10.3 |      13 |       2 |  13.3
        D:2 |      34 |       0 |   0.0 |      11 |       0 |   0.0
        D:3 |       3 |       0 |   0.0 |       2 |       0 |   0.0
            +---------+---------+-------+---------+---------+-------
